APL (24 & UNDER)
EL PASO TEXANS @ DETROIT DIRTY SNOW
09/18/2030
 
TOP OF THE 1ST
El Paso Texans batting - Pitching for Detroit Dirty Snow : RHP Félix Ortega
Pitching: RHP Félix Ortega
Batting: SHB António Cervantes 0-0: Ground out 4-3 (Groundball, 4)
Batting: LHB António Fonseca 0-0: Ball
1-0: Ball
2-0: Called Strike
2-1: Fly out, F4 (Popup, 4S)
Batting: RHB Doug Bruce 0-0: Ball
1-0: Foul Ball, location: 2F
1-1: Foul Ball, location: 2F
1-2: Ball
2-2: Foul Ball, location: 2F
2-2: Foul Ball, location: 2F
2-2: SINGLE (Line Drive, 5D)
Batting: LHB Cipriano Rangel 0-0: Ball
1-0: Ball
2-0: Ball
3-0: Base on Balls
Doug Bruce to second
Batting: RHB Kereje Zuka 0-0: Ball
1-0: Foul Ball, location: 2F
1-1: Ball
2-1: 3-RUN HOME RUN (Flyball, 7D), Distance : 396 ft
Batting: RHB Chris Smith 0-0: Foul Ball, location: 2F
0-1: Ball
1-1: Foul Ball, location: 2F
1-2: Ball
2-2: Ball
3-2: Base on Balls
Batting: RHB Manny Holguín 0-0: Ball
1-0: Foul Ball, location: 2F
1-1: Ground out 4-3 (Groundball, 34D)
Top of the 1st over - 3 runs, 2 hits, 0 errors, 1 left on base; El Paso 3 - Detroit 0
BOTTOM OF THE 1ST
Detroit Dirty Snow batting - Pitching for El Paso Texans : LHP José Martínez
Pitching: LHP José Martínez
Batting: LHB Lee Jenkins 0-0: Ball
1-0: Ball
2-0: Called Strike
2-1: Swinging Strike
2-2: Strikes out swinging
Batting: RHB Mauro Peña 0-0: Called Strike
0-1: Ball
1-1: Ball
2-1: Ground out 4-3 (Groundball, 4)
Batting: RHB António Aguilera 0-0: Foul Ball, location: 2F
0-1: Ball
1-1: SINGLE (Line Drive, 7S)
Batting: SHB Víctor Torres 0-0: Called Strike
0-1: Ball
1-1: Ball
2-1: Foul Ball, location: 2F
2-2: Ground out 5-3 (Groundball, 5L)
Bottom of the 1st over - 0 runs, 1 hit, 0 errors, 1 left on base; El Paso 3 - Detroit 0
TOP OF THE 2ND
El Paso Texans batting - Pitching for Detroit Dirty Snow : RHP Félix Ortega
Batting: RHB Ed McVinish 0-0: Ball
1-0: Ground out 6-3 (Groundball, 6)
Batting: RHB Rafael Crus 0-0: DOUBLE (Line Drive, 7LM)
Batting: SHB António Cervantes 0-0: Called Strike
0-1: Ball
1-1: Called Strike
Rafael Crus steals 3rd base
1-2: Ball
2-2: Ball
3-2: Foul Ball, location: 2F
3-2: Fly out, F8 (Flyball, 8RXD)
Runner from 3rd tags up, SCORES, no throw
Batting: LHB António Fonseca 0-0: Ground out 4-3 (Groundball, 4M)
Top of the 2nd over - 1 run, 1 hit, 0 errors, 0 left on base; El Paso 4 - Detroit 0
BOTTOM OF THE 2ND
Detroit Dirty Snow batting - Pitching for El Paso Texans : LHP José Martínez
Batting: RHB Phil Poole 0-0: Foul Ball, location: 2F
0-1: Reached on error, E4 (Groundball, 4)
Batting: RHB Dennis Brown 0-0: Ball
1-0: Foul Ball, location: 2F
1-1: DOUBLE (Line Drive, 9LM)
Phil Poole to third
Batting: LHB Al Cramer 0-0: Foul Ball, location: 2F
0-1: Swinging Strike
0-2: Ball
1-2: Foul Ball, location: 2F
1-2: Strikes out swinging
Batting: LHB Joe Hanson 0-0: Ball
1-0: Ball
2-0: Called Strike
2-1: Ball
3-1: Fly out, F8 (Flyball, 89M)
Runner from 3rd tags up, SCORES, throw made
Batting: LHB Luis Salazar 0-0: Swinging Strike
0-1: Ball
1-1: Ground out 1-3 (Groundball, 13S)
Bottom of the 2nd over - 1 run, 1 hit, 1 error, 1 left on base; El Paso 4 - Detroit 1
TOP OF THE 3RD
El Paso Texans batting - Pitching for Detroit Dirty Snow : RHP Félix Ortega
Batting: RHB Doug Bruce 0-0: Ball
1-0: Called Strike
1-1: Foul Ball, location: 2F
1-2: Ball
2-2: Ball
3-2: Base on Balls
Batting: LHB Cipriano Rangel 0-0: Ball
1-0: Ball
2-0: Ball
3-0: Called Strike
3-1: Base on Balls
Doug Bruce to second
Batting: RHB Kereje Zuka 0-0: Foul Ball, location: 2F
0-1: Called Strike
0-2: Foul Ball, location: 2F
0-2: Foul Ball, location: 2F
0-2: Strikes out looking
Batting: RHB Chris Smith 0-0: Foul Ball, location: 2F
0-1: Ball
1-1: Ground out 5-3 (Groundball, 56S)
Doug Bruce to third
Cipriano Rangel to second
Batting: RHB Manny Holguín 0-0: Ground out 6-3 (Groundball, 6M)
Top of the 3rd over - 0 runs, 0 hits, 0 errors, 2 left on base; El Paso 4 - Detroit 1
BOTTOM OF THE 3RD
Detroit Dirty Snow batting - Pitching for El Paso Texans : LHP José Martínez
Batting: LHB Lee Jenkins 0-0: Swinging Strike
0-1: Ball
1-1: Ball
2-1: Foul Ball, location: 2F
2-2: Ball
3-2: Base on Balls
Batting: RHB Mauro Peña 0-0: Foul Ball, location: 2F
0-1: Fly out, F9 (Flyball, 9LS)
Batting: RHB António Aguilera 0-0: Called Strike
Lee Jenkins is caught stealing 2nd base
0-1: Foul Ball, location: 2F
0-2: Foul Ball, location: 2F
0-2: Ground out 6-3 (Groundball, 6)
Bottom of the 3rd over - 0 runs, 0 hits, 0 errors, 0 left on base; El Paso 4 - Detroit 1
TOP OF THE 4TH
El Paso Texans batting - Pitching for Detroit Dirty Snow : RHP Félix Ortega
Batting: RHB Ed McVinish 0-0: Ball
1-0: Called Strike
1-1: Ball
2-1: Fly out, F7 (Flyball, 78D)
Batting: RHB Rafael Crus 0-0: Called Strike
0-1: SINGLE (Line Drive, 78S)
Pitching: RHP Mark Messier
Batting: SHB António Cervantes 0-0: Ball
Rafael Crus is caught stealing 2nd base
1-0: Foul Ball, location: 2F
1-1: Foul Ball, location: 2F
1-2: Strikes out looking
Top of the 4th over - 0 runs, 1 hit, 0 errors, 0 left on base; El Paso 4 - Detroit 1
BOTTOM OF THE 4TH
Detroit Dirty Snow batting - Pitching for El Paso Texans : LHP José Martínez
Batting: SHB Víctor Torres 0-0: Ball
1-0: Ball
2-0: Ball
3-0: Called Strike
3-1: Base on Balls
Batting: RHB Phil Poole 0-0: Called Strike
0-1: Foul Ball, location: 2F
0-2: Grounds into double play, 4-6-3 (Groundball, 4)
Batting: RHB Dennis Brown 0-0: Foul Ball, location: 2F
0-1: Swinging Strike
0-2: Ball
1-2: Ground out 1-3 (Groundball, 13)
Bottom of the 4th over - 0 runs, 0 hits, 0 errors, 0 left on base; El Paso 4 - Detroit 1
TOP OF THE 5TH
El Paso Texans batting - Pitching for Detroit Dirty Snow : RHP Mark Messier
Batting: LHB António Fonseca 0-0: Called Strike
0-1: Ball
1-1: SINGLE (Flyball, 9LS)
Batting: RHB Doug Bruce 0-0: Ball
1-0: Ground out 4-3 (Groundball, 34D)
António Fonseca to second
Batting: LHB Cipriano Rangel 0-0: Called Strike
0-1: Swinging Strike
0-2: 2-RUN HOME RUN (Flyball, 9D), Distance : 368 ft
Batting: RHB Kereje Zuka 0-0: Fly out, F7 (Flyball, 7)
Batting: RHB Chris Smith 0-0: Ball
1-0: SINGLE (Groundball, 6MD)
Batting: RHB Manny Holguín 0-0: Fielders Choice at 2nd, 6-4 (Groundball, 56)
Top of the 5th over - 2 runs, 3 hits, 0 errors, 1 left on base; El Paso 6 - Detroit 1
BOTTOM OF THE 5TH
Detroit Dirty Snow batting - Pitching for El Paso Texans : LHP José Martínez
Batting: LHB Al Cramer 0-0: Hit by Pitch
Batting: LHB Joe Hanson 0-0: Ball
1-0: Called Strike
1-1: Foul Ball, location: 2F
1-2: Foul Ball, location: 2F
1-2: Fielders Choice at 2nd, 4-6 (Groundball, 4)
Batting: LHB Luis Salazar 0-0: Called Strike
0-1: Ball
1-1: Ball
2-1: Fly out, F7 (Flyball, 78S)
Batting: LHB Lee Jenkins 0-0: Ball
1-0: Ball
2-0: Ground out U3 (Groundball, 3)
Bottom of the 5th over - 0 runs, 0 hits, 0 errors, 1 left on base; El Paso 6 - Detroit 1
TOP OF THE 6TH
El Paso Texans batting - Pitching for Detroit Dirty Snow : RHP Mark Messier
Batting: RHB Ed McVinish 0-0: Ball
1-0: Ball
2-0: Called Strike
2-1: Called Strike
2-2: Strikes out looking
Batting: RHB Rafael Crus 0-0: Ball
1-0: Ball
2-0: Ground out 3-1 (Groundball, 34)
Batting: SHB António Cervantes 0-0: Ball
1-0: Foul Ball, location: 2F
1-1: TRIPLE (Flyball, 8LXD)
Batting: LHB António Fonseca 0-0: Called Strike
0-1: Foul Ball, location: 2F
0-2: Foul Ball, location: 2F
0-2: Ground out 4-3 (Groundball, 4)
Top of the 6th over - 0 runs, 1 hit, 0 errors, 1 left on base; El Paso 6 - Detroit 1
BOTTOM OF THE 6TH
Detroit Dirty Snow batting - Pitching for El Paso Texans : LHP José Martínez
Batting: RHB Mauro Peña 0-0: Foul Ball, location: 2F
0-1: Ball
1-1: Foul Ball, location: 2F
1-2: Ground out 5-3 (Groundball, 56)
Batting: RHB António Aguilera 0-0: Called Strike
0-1: Ball
1-1: Ball
2-1: Foul Ball, location: 2F
2-2: SINGLE (Flyball, 9S)
Batting: SHB Víctor Torres 0-0: Ball
António Aguilera is caught stealing 2nd base
1-0: Ball
2-0: Called Strike
2-1: Ball
3-1: Swinging Strike
3-2: Base on Balls
Batting: RHB Phil Poole 0-0: Called Strike
0-1: Ball
1-1: Ground out 4-3 (Groundball, 4)
Bottom of the 6th over - 0 runs, 1 hit, 0 errors, 1 left on base; El Paso 6 - Detroit 1
TOP OF THE 7TH
El Paso Texans batting - Pitching for Detroit Dirty Snow : RHP Mark Messier
Batting: RHB Doug Bruce 0-0: Called Strike
0-1: Swinging Strike
0-2: Foul Ball, location: 2F
0-2: Ball
1-2: Ball
2-2: Ball
3-2: Fly out, F9 (Flyball, 9S)
Batting: LHB Cipriano Rangel 0-0: Fly out, F9 (Flyball, 9)
Batting: RHB Kereje Zuka 0-0: Ball
1-0: Foul Ball, location: 2F
1-1: Foul Ball, location: 2F
1-2: Fly out, F8 (Flyball, 8LD)
Top of the 7th over - 0 runs, 0 hits, 0 errors, 0 left on base; El Paso 6 - Detroit 1
BOTTOM OF THE 7TH
Detroit Dirty Snow batting - Pitching for El Paso Texans : LHP José Martínez
Batting: RHB Dennis Brown 0-0: SINGLE (Groundball, 6MD)
Batting: LHB Al Cramer 0-0: Ball
1-0: Ball
2-0: Called Strike
2-1: Fly out, F9 (Flyball, 9S)
Batting: LHB Joe Hanson 0-0: Called Strike
0-1: Ball
1-1: Swinging Strike
1-2: Strikes out swinging
Batting: LHB Luis Salazar 0-0: Called Strike
Dennis Brown steals 2nd base
0-1: Ball
1-1: Ball
2-1: Fly out, F5 (Line Drive, 56)
Bottom of the 7th over - 0 runs, 1 hit, 0 errors, 1 left on base; El Paso 6 - Detroit 1
TOP OF THE 8TH
El Paso Texans batting - Pitching for Detroit Dirty Snow : RHP Mark Messier
Pitching: RHP Jesús Mendoza
Batting: RHB Chris Smith 0-0: Ball
1-0: Fly out, F7 (Line Drive, 78M)
Batting: RHB Manny Holguín 0-0: Fly out, F3 (Popup, 34S)
Batting: RHB Ed McVinish 0-0: Ball
1-0: Fly out, F9 (Flyball, 89M)
Top of the 8th over - 0 runs, 0 hits, 0 errors, 0 left on base; El Paso 6 - Detroit 1
BOTTOM OF THE 8TH
Detroit Dirty Snow batting - Pitching for El Paso Texans : LHP José Martínez
Pitching: RHP Derek Baker
Batting: LHB Lee Jenkins 0-0: Called Strike
0-1: Swinging Strike
0-2: Strikes out swinging
Batting: RHB Mauro Peña 0-0: Foul Ball, location: 2F
0-1: Foul Ball, location: 2F
0-2: SINGLE (Groundball, 34D)
Batting: RHB António Aguilera 0-0: Ball
1-0: Fielders Choice at 2nd, 6-4 (Groundball, 6)
Batting: SHB Víctor Torres 0-0: Ground out 4-3 (Groundball, 4S)
Bottom of the 8th over - 0 runs, 1 hit, 0 errors, 1 left on base; El Paso 6 - Detroit 1
TOP OF THE 9TH
El Paso Texans batting - Pitching for Detroit Dirty Snow : RHP Jesús Mendoza
Batting: RHB Rafael Crus 0-0: Called Strike
0-1: Ball
1-1: Ball
2-1: Called Strike
2-2: Ball
3-2: Foul Ball, location: 2F
3-2: Base on Balls
Batting: SHB António Cervantes 0-0: Called Strike
0-1: Ball
1-1: Foul Ball, location: 2F
1-2: Ball
2-2: Ball
3-2: Foul Ball, location: 2F
3-2: Foul Ball, location: 2F
3-2: Base on Balls
Rafael Crus to second
Batting: LHB António Fonseca 0-0: Called Strike
0-1: Foul Ball, location: 2F
0-2: Ball
1-2: Fly out, F5 (Line Drive, 56S)
Batting: RHB Doug Bruce 0-0: Called Strike
0-1: SINGLE (Flyball, 8RS)
Rafael Crus to third
António Cervantes to second
Runner from 3rd tries for Home, SAFE, no throw
Batting: LHB Cipriano Rangel 0-0: Ball
1-0: Foul Ball, location: 2F
1-1: Swinging Strike
1-2: Strikes out swinging
Batting: RHB Kereje Zuka 0-0: Ball
1-0: Ball
2-0: Ball
3-0: Base on Balls
António Cervantes to third
Doug Bruce to second
Batting: RHB Chris Smith 0-0: Foul Ball, location: 2F
0-1: Swinging Strike
0-2: Strikes out swinging
Top of the 9th over - 1 run, 1 hit, 0 errors, 3 left on base; El Paso 7 - Detroit 1
BOTTOM OF THE 9TH
Detroit Dirty Snow batting - Pitching for El Paso Texans : RHP Derek Baker
Batting: RHB Phil Poole 0-0: Ball
1-0: SINGLE (Groundball, 34D)
Batting: RHB Dennis Brown 0-0: Called Strike
0-1: Ball
1-1: Fly out, F9 (Flyball, 9S)
Batting: LHB Al Cramer 0-0: Swinging Strike
0-1: Ball
1-1: Called Strike
1-2: Ball
2-2: Fly out, F7 (Flyball, 78S)
Batting: LHB Joe Hanson Pickoff Throw to First - Error! E1
Phil Poole to second
0-0: Called Strike
0-1: Swinging Strike
0-2: Foul Ball, location: 2F
0-2: Ground out 5-3 (Groundball, 5)
Bottom of the 9th over - 0 runs, 1 hit, 1 error, 1 left on base; El Paso 7 - Detroit 1
Saturday, April 7th, 2018 - OOTP Baseball 18.8 Build 76